 Dungeon Crawl Stone Soup version 0.31-a0-1074-g0b22e4e0f1 (webtiles) character file.

Game seed: 5043936311989570405

45 backslashecho the Grasshopper (level 3, 0/28 HPs)
             Began as a Human Warper on Dec 4, 2023.
             Splashed by a jelly's acid (10 damage)
             ... on level 2 of the Dungeon.
             The game lasted 00:03:21 (1129 turns).

backslashecho the Grasshopper (Human Warper)        Turns: 1129, Time: 00:03:21

Health: 0/28       AC: -5    Str: 19    XL:     3   Next: 90%
Magic:  6/6        EV: 11    Int: 13    God:
Gold:   21         SH:  0    Dex: 12    Spells: 6/6 levels left

rFire   . . .        a - +0 hand axe
rCold   . . .        (no shield)
rNeg    . . .        i - +0 ring mail
rPois   .            (no helmet)
rElec   .            (no cloak)
rCorr   .            h - +0 pair of gloves
SInv    .            (no boots)
Will    .....        (no amulet)
Stlth   +            m - +6 ring of strength
HPRegen 0.24/turn    (no ring)
MPRegen 0.10/turn

%: no passive effects
@: corroded
A: no striking features
a: no special abilities


You were on level 2 of the Dungeon.
You visited 1 branch of the dungeon, and saw 2 of its levels.

You collected 21 gold pieces.

Inventory:

Hand Weapons
 a - a +0 hand axe (weapon)
 b - a +0 dagger of venom
Missiles
 d - 7 darts of dispersal (quivered)
Armour
 h - a +0 pair of gloves (worn)
 i - a +0 ring mail (worn)
 l - a +2 chain mail of poison resistance
Jewellery
 m - a +6 ring of strength (left hand)
Scrolls
 c - a scroll of blinking
 e - 2 scrolls of identify {unknown}
 g - a scroll of revelation {unknown}
 k - a scroll of noise {unknown}
 n - a scroll of brand weapon {unknown}
Potions
 f - a potion of magic {unknown}
 j - a potion of heal wounds {unknown}


   Skills:
 + Level 2.3 Fighting
 * Level 2.7 Axes
 + Level 1.6 Throwing
 + Level 1.2 Armour
 - Level 2.0 Dodging
 + Level 0.5 Unarmed Combat
 - Level 2.0 Spellcasting
 + Level 3.2 Translocations


You had 6 spell levels left.
You didn't know any spells.
Your spell library contained the following spells:

 Spells                   Type           Power      Damage    Failure   Level
 Blink                    Tloc           18%        N/A       17%         2
 Lesser Beckoning         Tloc           18%        N/A       17%         2
 Teleport Other           Tloc           9%         N/A       34%         3
 Manifold Assault         Tloc           9%         N/A       75%         4
 Vhi's Electric Charge    Tloc/Air       10%        N/A       92%         4


Dungeon Overview and Level Annotations

Branches:
Dungeon (2/15)

Altars:


Message History

No target in view!
No target in view!
m - a +6 ring of strength You feel stronger.
m - a +6 ring of strength (left hand)
n - a scroll labelled DEQOCA MAUFOTSITA You open the door.
There is an open door here.
A kobold comes into view. It is wielding a +0 club.
The kobold shouts!
You hit the kobold.
You kill the kobold!
Things that are here:
a +0 club; 3 stones No target in view!
You open the door. 3 endoplasms and a jelly come into view.
The endoplasm quivers. x3; The jelly quivers.
An endoplasm comes into view.
The endoplasm moves out of view.
Found a goblin skeleton.
You hit the endoplasm.
The endoplasm is almost dead.
The endoplasm closely misses you.
You hit the endoplasm.
You kill the endoplasm!
You hit the endoplasm.
The endoplasm is moderately wounded.
The endoplasm freezes you.
You are frozen.
You take 3 damage, and have 25/28 hp.
You hit the endoplasm.
The endoplasm is severely wounded.
You hit the jelly.
Your hands burn!
The jelly is lightly wounded.
You slash the jelly! The acid corrodes you!
Your hands burn!
The jelly is heavily wounded.
The jelly hits you. The acid corrodes you!
You are splashed with acid!
You take 11 damage, and have 14/28 hp.
MASSIVE DAMAGE!!
Unknown command.
You hit the jelly. The acid corrodes you!
Your hands burn!
The jelly is severely wounded.
The jelly hits you.
You are splashed with acid!
You die...

##.....###.........
#..)....##.........
#.......##.........
#.......# #.......#
#....####
#....'..##
########.#
#@..)..## #J#######


#JJ #.. #.. #.P #.P #÷P You could see a jelly and 2 endoplasms.

Vanquished Creatures
  An adder (D:2)
  6 ball pythons (D:1)
  4 endoplasms
  2 goblins (D:1)
  5 hobgoblins (D:1)
  4 jackals (D:1)
  2 bats (D:1)
  2 frilled lizards (D:1)
  7 kobolds
  2 rats (D:1)
35 creatures vanquished.

Notes
Turn   | Place    | Note
-------+----------+-------------------------------------------
     0 | D:1      | backslashecho the Human Warper began the quest for the Orb.
     0 | D:1      | Reached XP level 1. HP: 16/16 MP: 3/3
    60 | D:1      | Reached XP level 2. HP: 9/22 MP: 5/5
   548 | D:1      | Reached XP level 3. HP: 26/27 MP: 6/6
  1129 | D:2      | Splashed by a jelly's acid

Illustrated notes

Levels and vault maps discovered:
D:1:      roderic_octagonal_star, layout_basic
D:2:      cheibrodos_fertilizer, layout_rooms

Action                     || total
---------------------------++-------
  Melee: Hand axe          ||   120
         Dagger            ||     8
         Punch             ||     1
 Armour: Leather armour    ||    31
         Ring mail         ||    47
  Dodge: Dodged            ||    91

Table legend: (Time is in decaauts)
 A = Elapsed time spent in this place.
 B = Non-inter-level travel time spent in this place.
 C = Inter-level travel time spent in this place.
 D = Time resting spent in this place.
 E = Time spent auto-exploring this place.
 F = Levels seen in this place.
 G = Mean time per level.
                   A        B        C        D        E       F      G
               +--------+--------+--------+--------+--------+-----+--------+
         Total |   1150 |   1044 |    106 |     66 |    556 |   2 |  575.0 |
       Dungeon |   1150 |   1044 |    106 |     66 |    556 |   2 |  575.0 |
               +--------+--------+--------+--------+--------+-----+--------+

Top non-repeatable levels by time:
     D:1: 985 daAuts
     D:2: 164 daAuts
